 Dungeon Crawl Stone Soup version 0.21-a0-85-ga0cb861 (webtiles) character file.

363 grindst0ne the Shield-Bearer (level 7, -2/52 HPs)
             Began as a Formicid Fighter on June 25, 2017.
             Slain by Blork the orc
             ... wielding a +0 dire flail
              (11 damage)
             ... on level 4 of the Dungeon.
             The game lasted 00:03:42 (2618 turns).

grindst0ne the Shield-Bearer (Formicid Fighter)     Turns: 2618, Time: 00:03:43

Health: -2/52      AC:  7    Str: 26    XL:     7   Next: 0%
Magic:  7/7        EV:  9    Int:  7    God:
Gold:   153        SH: 11    Dex: 12    Spells: 6/6 levels left

rFire    . . .     SeeInvis +   a - +0 war axe
rCold    . . .     Gourm    .   c - +0 shield
rNeg     . . .     Faith    +   b - +0 scale mail
rPois    .         Spirit   .   (helmet unavailable)
rElec    .         Reflect  .   (no cloak)
rCorr    .         Harm     .   (no gloves)
MR       .....                  (no boots)
Stlth    ..........             r - amulet of faith
HPRegen  0.17/turn              (no ring)
MPRegen  0.10/turn              (no ring)

@: mighty
A: permanent stasis, dig shafts and tunnels, four strong arms, antennae 3
a: Dig, Shaft Self


You were on level 4 of the Dungeon.
You were hungry.

You visited 1 branch of the dungeon, and saw 4 of its levels.

You collected 153 gold pieces.

Inventory:

Hand Weapons
 a - a +0 war axe (weapon)
Armour
 b - a +0 scale mail (worn)
 c - a +0 shield (worn)
Jewellery
 r - an amulet of faith (around neck)
Scrolls
 e - 4 scrolls of identify {unknown}
 g - a scroll of immolation {unknown}
 h - a scroll of enchant armour {unknown}
 i - 2 scrolls of fear {unknown}
 k - 2 scrolls of blinking {unknown}
 n - 4 scrolls of enchant weapon {unknown}
 p - a scroll of remove curse {unknown}
 v - 2 scrolls of teleportation {unknown}
Potions
 j - 2 potions of agility {unknown}
 l - 2 potions of brilliance {unknown}
 o - 2 potions of invisibility {unknown}
 q - 2 potions of curing {unknown}
 w - a potion of mutation {unknown}
 x - a potion of lignification {unknown}
Comestibles
 f - 2 bread rations
 m - 3 fruits
 t - a royal jelly
 u - a meat ration


   Skills:
 + Level 3.5 Fighting
 + Level 2.4 Axes
 + Level 5.3 Armour
 - Level 7.0 Shields


You had 6 spell levels left.
You didn't know any spells.

Dungeon Overview and Level Annotations

Branches:
Dungeon (4/15)
 Temple: D:4-7

Altars:
Fedhas

Annotations:
D:4 Blork the orc


Innate Abilities, Weirdness & Mutations

You cannot be hasted, slowed, berserked, paralysed or teleported.
You can dig through walls and to a lower floor.
Your four strong arms can wield two-handed weapons with a shield.
You have a pair of large antennae on your head. (SInv)


Message History

Your shield and scale mail prevent you from hitting Blork the orc.
Blork the orc is moderately wounded.
Blork the orc hits you with a dire flail.
Blork the orc hits you with a dire flail!
You barely miss Blork the orc.
Blork the orc is moderately wounded.
Blork the orc screams, "Die!"
You block Blork the orc's attack.
Blork the orc points at you and mumbles some strange words.
The puff of flame hits you!
* * * LOW HITPOINT WARNING * * *
You block Blork the orc's attack. Blork the orc closely misses you.
Blork the orc casts a spell at you. The magic dart hits you!
* * * LOW HITPOINT WARNING * * *
Blork the orc screams, "I'm going to kill you!"
Blork the orc hits you but does no damage.
You feel very mighty all of a sudden.
Blork the orc hits you with a dire flail!
You die...

......... ###
.......... #...
........... .....
...........## #.....
............##......
....................
....................
#........o.........
#.....@#<........
###...###........
##..## #........
##..## #.....$..
#...# #........
##..## .......
##..## #.....#
##..## #..##


You could see Blork the orc.

Vanquished Creatures
  Sigmund (D:2)
  2 orc wizards (D:3)
  6 gnolls (D:2)
  3 adders (D:2)
  2 worms (D:2)
  3 leopard geckos
  3 orcs (D:3)
  3 giant cockroaches
  10 goblins
  A hobgoblin (D:2)
  3 kobolds (D:1)
  2 quokkas
  A ball python (D:1)
  7 bats
  4 frilled lizards
  9 rats
60 creatures vanquished.

Notes
Turn   | Place    | Note
-------+----------+-------------------------------------------
     0 | D:1      | grindst0ne the Formicid Fighter began the quest for the Orb.
     0 | D:1      | Reached XP level 1. HP: 18/18 MP: 1/1
    55 | D:1      | Reached skill level 4 in Shields
    55 | D:1      | Reached XP level 2. HP: 15/24 MP: 2/2
   696 | D:2      | Found a blossoming altar of Fedhas.
   707 | D:2      | Reached XP level 3. HP: 29/29 MP: 3/3
  1027 | D:2      | Reached skill level 5 in Shields
  1027 | D:2      | Reached XP level 4. HP: 26/35 MP: 4/4
  1364 | D:2      | Reached XP level 5. HP: 16/41 MP: 5/5
  1683 | D:2      | Noticed Sigmund
  1692 | D:2      | Killed Sigmund
  1692 | D:2      | Reached skill level 5 in Armour
  1692 | D:2      | Reached skill level 6 in Shields
  1692 | D:2      | Reached XP level 6. HP: 36/47 MP: 6/6
  1767 | D:2      | Reached skill level 7 in Shields
  2561 | D:4      | Reached XP level 7. HP: 52/52 MP: 7/7
  2600 | D:4      | Noticed Blork the orc
  2618 | D:4      | Slain by Blork the orc

Vault maps used:
D:1:      nicolae_arrival_memento_mori, minmay_crystal_room
D:2:      first_bread, fedhas_altar_2, uniq_sigmund
D:4:      uniq_blork_the_orc

Skill      XL: |  1  2  3  4  5  6 |
---------------+-------------------+-----
Shields        | 4 5 6 7 |  7.0
Armour         | 4 5 |  5.3
Fighting       | |  3.5
Axes           | |  2.4

Action                   |  1- 3 |  4- 6 |  7- 9 || total
-------------------------+-------+-------+-------++-------
Melee: War axe           |   115 |   143 |     9 ||   267
 Abil: Dig               |     1 |     3 |       ||     4
  Use: Potion            |       |     1 |     1 ||     2
  Eat: Chunk             |     1 |     5 |       ||     6
Armor: Scale mail        |    46 |    48 |     3 ||    97
Dodge: Dodged            |    44 |    44 |     3 ||    91
Block: Shield            |    70 |    70 |     7 ||   147
